 Dungeon Crawl Stone Soup version 0.30.1-11-g7821555f0a (webtiles) character file.

Game seed: 16246013382027834954

185 fireball365 the Chopper (level 5, -3/43 (47) HPs)
             Began as a Hill Orc Fighter on Dec 10, 2023.
             Slain by a wight
             ... wielding a +0 dagger
              (4 damage)
             ... on level 4 of the Dungeon.
             The game lasted 00:04:07 (2352 turns).

fireball365 the Chopper (Hill Orc Fighter)          Turns: 2352, Time: 00:04:07

HP:   -3/43 (47)    AC: 14    Str: 18 (21) XL:     5   Next: 64%
MP:   5/5           EV:  7    Int:  6 (8)  God:
Gold: 114           SH:  4    Dex:  7 (10) Spells: 4/4 levels left

rFire   + . .        a - +0 war axe
rCold   + . .        c - +0 buckler
rNeg    . . .        n - +0 chain mail
rPois   .            (no helmet)
rElec   .            h - scarf {rC+ rF+}
rCorr   .            o - +0 pair of gloves
SInv    .            (no boots)
Will    .....        (no amulet) Stlth
                     m - +4 ring of protection
HPRegen 0.27/turn    (no ring)
MPRegen 0.09/turn

%: no passive effects
@: drained
A: no striking features
a: no special abilities


You were on level 4 of the Dungeon.
You visited 1 branch of the dungeon, and saw 4 of its levels.

You collected 114 gold pieces.

Inventory:

Hand Weapons
 a - a +0 war axe (weapon)
Armour
 b - a +0 scale mail
 c - a +0 buckler (worn)
 h - a scarf of resistance (worn)
 n - a +0 chain mail (worn)
 o - a +0 pair of gloves (worn)
Jewellery
 m - a +4 ring of protection (left hand)
Scrolls
 e - 6 scrolls of identify {unknown}
 f - a scroll of brand weapon {unknown}
 g - a scroll of noise {unknown}
 j - a scroll of silence {unknown}
 l - a scroll of blinking {unknown}
 q - a scroll of enchant armour {unknown}
 r - a scroll of poison {unknown}
 s - a scroll of teleportation {unknown}
Potions
 d - 2 potions of might
 i - a potion of cancellation {unknown}
 k - 2 potions of degeneration
 t - a potion of invisibility {unknown}


   Skills:
 + Level 4.5 Fighting
 + Level 5.0 Axes
 + Level 4.4 Armour
 + Level 0.5 Dodging
 + Level 3.9 Shields


You had 4 spell levels left.
You didn't know any spells.
Your spell library contained the following spells:

 Spells                   Type           Power      Damage    Failure   Level
 Apportation              Tloc           0%         N/A       99%         1
 Alistair's Intoxication  Tmut/Pois      0%         N/A       100%        5


Dungeon Overview and Level Annotations

Branches:
Dungeon (4/15)
 Temple: D:4-7

Altars:
Cheibriados
Dithmenos
Fedhas
Makhleb
Vehumet
Yredelemnul
Zin

Shops:
D:3 [[


Message History

The wight hits you with a +4 long sword of freezing!
The wight freezes you. The scorpion closely misses you.
The wight hits you but does no damage.
The wight hits you from afar with a +0 spear.
You feel drained.
You hit the wight.
The wight is lightly damaged.
You hit the wight. You closely miss the scorpion. You hit the wight.
The scorpion stings you but does no damage.
The wight hits you but does no damage. x2; The wight barely misses you.
The wight closely misses you.
You slash the wight!
You destroy the wight!
You hit the wight but do no damage. You barely miss the wight.
You slash the scorpion! The scorpion completely misses you.
The wight hits you with a +0 dagger.
You feel drained.
The wight hits you from afar with a +0 spear.
You feel drained. The wight hits you but does no damage.
The scorpion stings you.
* * * LOW HITPOINT WARNING * * *
Your Axes skill increases to level 5!
You hit the wight but do no damage.
The wight is lightly damaged.
You hit the scorpion. You hit the wight. The scorpion barely misses you.
The wight hits you but does no damage. The wight hits you with a +0 falchion.
* * * LOW HITPOINT WARNING * * *
You feel drained. You block the wight's attack.
It was a potion of degeneration.
There was something very wrong with that liquid.
You feel weakened.
You feel dopey.
You feel clumsy.
The scorpion stings you but does no damage.
The wight closely misses you. The wight hits you with a +0 falchion.
* * * LOW HITPOINT WARNING * * *
You feel drained.
* * * LOW HITPOINT WARNING * * *
The wight hits you but does no damage. The scorpion stings you.
* * * LOW HITPOINT WARNING * * *
It was a potion of magic.
Magic courses through your body. You block the wight's attack.
The wight hits you with a +0 dagger.
You die...

..#.. ....#.........
#.#.# .............
#.#.# ...........
###.#.# .........
#.#<#.#
#.........##...#.#
+....z .........>#
###..sz###.....#.#.#
.#....)@z##.....#...#
.........#......#..#####
#+###....#..... #.......
#..$......####.#####
#......##.#....#
+......##...####
#.........†##
#.......††## #.........#


You could see a scorpion and 3 wights.

Vanquished Creatures
  A wight (D:4)
  Terence (D:2)
  5 adders
  2 worms
  A dart slug (D:3)
  4 bats
  6 endoplasms
  5 giant cockroaches
  4 goblins
  4 hobgoblins
  8 jackals
  A quokka (D:1)
  5 ball pythons
  4 frilled lizards
  2 kobolds
  4 rats (D:1)
57 creatures vanquished.

Notes
Turn   | Place    | Note
-------+----------+-------------------------------------------
     0 | D:1      | fireball365 the Hill Orc Fighter began the quest for the
                  | Orb.
     0 | D:1      | Reached XP level 1. HP: 19/19 MP: 1/1
     9 | D:1      | You fall into a shaft and drop 1 floor!
    26 | D:2      | Reached XP level 2. HP: 27/27 MP: 2/2
   194 | D:1      | Reached skill level 3 in Axes
   284 | D:1      | Reached XP level 3. HP: 33/33 MP: 3/3
  1007 | D:2      | Reached XP level 4. HP: 40/40 MP: 4/4
  1159 | D:2      | Noticed Terence
  1171 | D:2      | Killed Terence
  1172 | D:2      | Reached skill level 4 in Axes
  1372 | D:3      | Found Gyth's Antique Armour Shoppe.
  1433 | D:3      | Found a faded altar of an unknown god.
  1595 | D:3      | Found a glowing silver altar of Zin.
  1598 | D:3      | Found a blossoming altar of Fedhas.
  1599 | D:3      | Found a snail-covered altar of Cheibriados.
  1599 | D:3      | Found a radiant altar of Vehumet.
  1600 | D:3      | Found a shadowy altar of Dithmenos.
  1600 | D:3      | Found a burning altar of Makhleb.
  1601 | D:3      | Found a basalt altar of Yredelemnul.
  1816 | D:3      | Reached XP level 5. HP: 37/47 MP: 5/5
  2123 | D:3      | Found Sasyal's Armour Shoppe.
  2350 | D:4      | Reached skill level 5 in Axes
  2351 | D:4      | HP: 1/43 [scorpion (3)]
  2352 | D:4      | Slain by a wight

Illustrated notes

Levels and vault maps discovered:
D:1:      minmay_arrival_jagged, layout_basic
D:2:      layout_loops_ring, uniq_terence
D:3:      layout_loops_corners, grunt_temple_overflow_open,
          chequers_ecumenical_altar_island, serial_shops, nicolae_shop_crystal,
          shop
D:4:      kennysheep_spiral_hall, layout_basic, minmay_temple_entry_hall,
          uniq_eustachio

Skill      XL: |  1  2  3  4  5 |
---------------+----------------+-----
Fighting       | 4 |  4.5
Axes           | 3 4 5 |  5.0
Armour         | 4 |  4.4
Dodging        | |  0.5
Shields        | |  3.9

Action                     |  1- 3 |  4- 6 || total
---------------------------+-------+-------++-------
  Melee: War axe           |    87 |    88 ||   175
    Use: Potion            |       |     2 ||     2
 Armour: Scale mail        |    75 |     2 ||    77
         Chain mail        |       |    65 ||    65
  Dodge: Dodged            |    65 |    64 ||   129
  Block: Buckler           |    32 |    18 ||    50
